 Dungeon Crawl Stone Soup version 0.29-a0-653-gd47aff6735 (webtiles) character file.

Game seed: 12615500123787923994

95 zeratav the Shooter (level 4, -1/21 HPs)
             Began as a Spriggan Arcane Marksman on June 21, 2022.
             Slain by a goblin
             ... wielding a +0 club
             ... led by Robin
              (3 damage)
             ... on level 3 of the Dungeon.
             The game lasted 00:04:00 (2423 turns).

zeratav the Shooter (Spriggan Arcane Marksman)      Turns: 2423, Time: 00:04:01

Health: -1/21      AC:  5    Str:  6    XL:     4   Next: 39%
Magic:  7/7        EV: 17    Int: 14    God:
Gold:   92         SH:  0    Dex: 17    Spells: 4/5 levels left

rFire   . . .      SeeInvis +   a - +0 shortbow {bow}
rCold   . . .      Faith    .   (shield currently unavailable)
rNeg    . . .      Spirit   .   b - +0 robe
rPois   .          Reflect  .   (helmet restricted)
rElec   .          Harm     .   k - +2 cloak
rCorr   .          Rampage  .   (gloves unavailable)
Will    .....                   (boots unavailable)
Stlth   ++........              (no amulet)
HPRegen 0.07/turn               (no ring)
MPRegen 0.10/turn               (no ring)

@: very quick
A: very small, no large weapons, unfitting armour, see invisible, speed 3
a: no special abilities


You were on level 3 of the Dungeon.
You visited 1 branch of the dungeon, and saw 3 of its levels.

You collected 92 gold pieces.


Innate Abilities, Weirdness & Mutations

You are very small and have problems with some larger weapons.
You are too small for most types of armour.
You have supernaturally acute eyesight. (SInv)
You cover ground extremely quickly. (Speed+++)


   Skills:
 - Level 0.7 Fighting
 + Level 5.7 Bows
 - Level 2.6 Dodging
 - Level 1.3 Spellcasting
 - Level 3.6 Hexes


You had 4 spell levels left.
You knew the following spells:

 Your Spells              Type           Power      Damage    Failure   Level
a - Slow                  Hex            44%        N/A       6%          1

Your spell library contained the following spells:

 Spells                   Type           Power      Damage    Failure   Level
 Inner Flame              Hex/Fire       6%         N/A       36%         3
 Portal Projectile        Hex/Tloc       12%        N/A       36%         3
 Cause Fear               Hex            5%         N/A       50%         4
 Gell's Gravitas          Tloc           0%         N/A       58%         3
 Lesser Beckoning         Tloc           0%         N/A       58%         3
 Stone Arrow              Conj/Erth      0%         3d7       58%         3
 Teleport Other           Tloc           0%         N/A       58%         3
 Animate Armour           Summ/Erth      0%         N/A       94%         4
 Lehudib's Crystal Spear  Conj/Erth      0%         10d2      100%        8

Inventory:

Hand Weapons
 a - a +0 shortbow (weapon) {bow}
Armour
 b - a +0 robe (worn)
 k - a +2 cloak (worn)
   (You found it on level 2 of the Dungeon)
Jewellery
 g - a ring of resist corrosion
   (You found it on level 1 of the Dungeon)
Scrolls
 c - a scroll of vulnerability {!r!r}
 e - a scroll of fog {unknown}
 f - 2 scrolls of teleportation {unknown}
 i - 2 scrolls of identify {unknown}
 l - a scroll of brand weapon {unknown}
 m - a scroll of blinking {unknown}
Potions
 d - 2 potions of cancellation {unknown}
 h - a potion of curing {unknown}
 j - a potion of lignification {unknown}
 n - a potion of mutation {unknown}

Dungeon Overview and Level Annotations

Branches:
Dungeon (3/15) Zot: 16136

Altars:

..... ).... ####.....
#...).... #.!)... ###
#..).# #.. #gg..#
#.#######gl..#
#.......@##### #.......g#
#........#
#........################
#.......................#
#........################
#........# ########
#........# #.....<#
##############'###
#.######


You could see 3 hobgoblins, a goblin (strong) and a frilled lizard.


Message History

A hobgoblin comes into view.
A goblin comes into view. It is wielding a +0 club.
You shoot an arrow. The arrow closely misses the goblin.
A goblin comes into view. It is wielding a +0 dagger.
A goblin comes into view. It is wielding a +0 club. x2
The goblin moves out of view.
You shoot an arrow. The goblin shouts!
The arrow hits the goblin.
You kill the goblin!
You hear a shout! x2
A hobgoblin comes into view.
A goblin comes into view. It is wielding a +0 dagger.
You shoot an arrow. The arrow closely misses the goblin. x3
The goblin shouts!
A hobgoblin comes into view.
You shoot an arrow. The arrow closely misses the goblin. x2
The arrow completely misses the hobgoblin.
The hobgoblin shouts!
Robin of the Strong Arm comes into view.
They are wielding a +0 short sword.
You shoot an arrow. The arrow hits the goblin.
A goblin comes into view. It is wielding a +0 club.
The goblin misses you.
You shoot an arrow.
The arrow hits the goblin but does no damage.
The goblin hits you with a +0 club.
HP[-3]
You take 3 damage, and now have 18/21 hp.
You shoot an arrow. The arrow closely misses the goblin.
The arrow hits the goblin!
You kill the goblin!
The goblin barely misses you.
You shoot an arrow. The arrow closely misses the goblin.
The arrow hits the goblin.
You kill the goblin!
A frilled lizard comes into view.
The goblin barely misses you. x2
Robin roars a battlecry!
The goblins go into a battle-frenzy!
You shoot an arrow. The arrow barely misses the goblin.
The arrow closely misses the goblin.
The frilled lizard hisses angrily.
The arrow hits the goblin!
You kill the goblin!
The goblin completely misses you.
You shoot an arrow. The arrow hits the goblin.
You kill the goblin!
You shoot an arrow. The arrow closely misses the goblin.
The arrow hits the goblin!
You kill the goblin!
The goblin misses you.
You shoot an arrow. The arrow closely misses the goblin.
The arrow hits Robin but does no damage.
Robin throws the goblin at you! The goblin hits you with a +0 dagger.
The goblin closely misses you.
HP[-3]
You take 3 damage, and now have 15/21 hp.
You are too injured to fight recklessly!
You are too injured to fight recklessly!
You are too injured to fight recklessly!
Shoot: a) +0 shortbow {bow}
Press: ? - help, Q - select action, (/) - cycle Shift-Dir - straight line, f/p - goblin
Aim: a goblin, wielding a +0 dagger (strong, 55% to hit)
You shoot an arrow. The arrow closely misses the goblin.
The arrow hits Robin!
The goblin hits you with a +0 club. The goblin misses you. x2
HP[-4]
You take 4 damage, and now have 11/21 hp.
Shoot: a) +0 shortbow {bow}
Press: ? - help, Q - select action, (/) - cycle Shift-Dir - straight line, f/p - goblin
Aim: a goblin, wielding a +0 dagger (strong, 55% to hit)
You shoot an arrow. The arrow hits the goblin!
You kill the goblin!
The goblin closely misses you.
Shoot: a) +0 shortbow {bow}
Press: ? - help, Q - select action, (/) - cycle Shift-Dir - straight line, f - Robin
Aim: Robin, wielding a +0 short sword, wearing a +0 animal skin and wearing a +0 helmet (heavily wounded, 69% to hit)
You shoot an arrow. The arrow barely misses Robin.
The arrow closely misses the frilled lizard.
Robin barely misses you. The goblin hits you with a +0 club.
* * * LOW HITPOINT WARNING * * *
HP[-1]
You take 1 damage, and now have 10/21 hp.
Shoot: a) +0 shortbow {bow}
Press: ? - help, Q - select action, (/) - cycle Shift-Dir - straight line, f/p - Robin
Aim: Robin, wielding a +0 short sword, wearing a +0 animal skin and wearing a +0 helmet (heavily wounded, 69% to hit)
You shoot an arrow. The arrow hits Robin.
Robin hits you with a +0 short sword.
* * * LOW HITPOINT WARNING * * *
The goblin hits you but does no damage.
HP[-3]
You take 3 damage, and now have 7/21 hp.
Shoot: a) +0 shortbow {bow}
Press: ? - help, Q - select action, (/) - cycle Shift-Dir - straight line, f/p - Robin
Aim: Robin, wielding a +0 short sword, wearing a +0 animal skin and wearing a +0 helmet (severely wounded, 69% to hit)
You shoot an arrow. The arrow hits Robin.
You kill Robin!
The goblin hits you with a +0 club.
* * * LOW HITPOINT WARNING * * *
The hobgoblin misses you. The goblin hits you with a +0 club.
You die...

Skill      XL: |  1  2  3 |
---------------+----------+-----
Bows           | 3 4 5 |  5.7
Fighting       | |  0.7
Dodging        | |  2.6
Spellcasting   | |  1.3
Hexes          | |  3.6

Action                   |  1- 3 |  4- 6 || total
-------------------------+-------+-------++-------
 Fire: Shortbow          |   121 |    35 ||   156
 Cast: Slow              |     1 |       ||     1
Armor: Robe              |     3 |     2 ||     5
Dodge: Dodged            |    34 |    17 ||    51

Levels and vault maps discovered:
D:1:      enne_arrival_octagon_isle, layout_loops_ring, basic_ecumenical_altar,
          minivault_25, hangedman_decor_growths
D:2:      layout_basic, minmay_worlds_worst_comb
D:3:      layout_basic, serial_shops, shop, serial_aquarium,
          aquarium_bridge_straight [aquarium_subvault_bridge,
          aquarium_subvault_wall, aquarium_subvault_bridge,
          aquarium_subvault_wall], aquarium_window_1, aquarium_window_fake,
          aquarium_window_corridor_3, aquarium_window_fake, aquarium_view_2f,
          aquarium_balcony_3a, uniq_robin

Notes
Turn   | Place    | Note
-------+----------+-------------------------------------------
     0 | D:1      | zeratav the Spriggan Arcane Marksman began the quest for
                  | the Orb.
     0 | D:1      | Reached XP level 1. HP: 9/9 MP: 3/3
     0 | D:1      | magus.rc [v1.9.6]
    44 | D:1      | Reached skill level 3 in Bows
    49 | D:1      | HP: 2/9 [ball python (3)]
   310 | D:1      | Reached XP level 2. HP: 14/14 MP: 5/5
   324 | D:1      | Found a faded altar of an unknown god.
   444 | D:1      | You pick up a book of Displacement and begin reading...
   444 | D:1      | You add the spells Lesser Beckoning, Gell's Gravitas and
                  | Teleport Other to your library.
   639 | D:1      | Reached skill level 4 in Bows
   726 | D:1      | HP: 2/14 [kobold/+0 whip (5)]
  1345 | D:2      | Reached XP level 3. HP: 17/17 MP: 6/6
  1853 | D:2      | Reached skill level 5 in Bows
  1873 | D:2      | You pick up a book of Armaments and begin reading...
  1873 | D:2      | You add the spells Stone Arrow, Animate Armour and
                  | Lehudib's Crystal Spear to your library.
  1932 | D:2      | Reached XP level 4. HP: 21/21 MP: 7/7
  2409 | D:3      | Noticed Robin
  2423 | D:3      | Killed Robin
  2423 | D:3      | HP: 2/21 [goblin/+0 club[Robin] (5)]
  2423 | D:3      | Slain by a goblin

Vanquished Creatures
  Robin (D:3)
  3 adders (D:2)
  A worm (D:2)
  A dart slug (D:1)
  6 ball pythons
  3 endoplasms
  3 giant cockroaches (D:2)
  15 goblins
  5 hobgoblins
  2 jackals (D:2)
  2 quokkas
  3 frilled lizards
  3 kobolds
  11 rats
59 creatures vanquished.

Table legend:
 A = Non-vault XP
 B = Vault XP
 C = Vault XP percentage of total XP
 D = Non-vault monster count
 E = Vault monster count
 F = Vault count percentage of total count
                 A         B        C        D         E       F
            +---------+---------+-------+---------+---------+-------
      Total |     115 |      36 |  23.8 |      47 |      12 |  20.3
            +---------+---------+-------+---------+---------+-------
        D:1 |      40 |       0 |   0.0 |      26 |       0 |   0.0
        D:2 |      72 |       6 |   7.7 |      19 |       3 |  13.6
        D:3 |       3 |      30 |  90.9 |       2 |       9 |  81.8
            +---------+---------+-------+---------+---------+-------

Illustrated notes

Table legend:
 A = Kills in this place as a percentage of kills in entire the game.
 B = Kills by you in this place as a percentage of kills by you in the entire game.
 C = Kills by friends in this place as a percentage of kills by friends in the entire game.
 D = Other kills in this place as a percentage of other kills in the entire game.
 E = Experience gained in this place as a percentage of experience gained in the entire game.
 F = Experience gained in this place divided by the number of levels of this place that you have seen.
                   A       B       C       D       E      F
               +-------+-------+-------+-------+-------+----------------------
         Total | 100.0 | 100.0 |   N/A |   N/A | 100.0 |  50.3
       Dungeon | 100.0 | 100.0 |   N/A |   N/A | 100.0 |  50.3
               +-------+-------+-------+-------+-------+----------------------

Table legend: (Time is in decaauts)
 A = Elapsed time spent in this place.
 B = Non-inter-level travel time spent in this place.
 C = Inter-level travel time spent in this place.
 D = Time resting spent in this place.
 E = Time spent auto-exploring this place.
 F = Levels seen in this place.
 G = Mean time per level.
                   A        B        C        D        E       F      G
               +--------+--------+--------+--------+--------+-----+--------+
         Total |   1862 |   1828 |     34 |    466 |   1080 |   3 |  620.7 |
       Dungeon |   1862 |   1828 |     34 |    466 |   1080 |   3 |  620.7 |
               +--------+--------+--------+--------+--------+-----+--------+

Top non-repeatable levels by time:
     D:1: 1071 daAuts
     D:2: 714 daAuts
     D:3: 76 daAuts
